 Dungeon Sprint DCSS version 0.21-a0-51-gea492e9 (webtiles) character file.

5912 Kidiri the Grappler (level 10, -3/113 HPs)
             Began as a Troll Monk on June 12, 2017.
             Was a High Priest of Wu Jian.
             Slain by an orc warrior
             ... wielding a +0 glaive
             ... led by an orc knight
              (12 damage)
             ... in the Dungeon (Sprint VII: "The Pits").
             The game lasted 00:08:02 (729 turns).

Kidiri the Grappler (Troll Monk)                     Turns: 729, Time: 00:08:02

Health: -3/113     AC: 14    Str: 21    XL:     10   Next: 53%
Magic:  9/9        EV: 17    Int:  9    God:    Wu Jian [*****.]
Gold:   0          SH:  0    Dex: 15    Spells: 9/9 levels left

rFire    . . .     SeeInvis .     - Unarmed
rCold    . . .     Gourm    +   (no shield)
rNeg     . . .     Faith    .   w - +0 steam dragon scales
rPois    .         Spirit   .   (helmet restricted)
rElec    .         Reflect  .   u - +0 cloak
rCorr    .         Harm     .   (gloves unavailable)
MR       .....     NoTele   +   (boots unavailable)
Stlth    ++++......             (no amulet)
Regen    0.7/turn               q - +3 ring of intelligence
MPRegen  0.2/turn               r - +3 ring of protection

@: no status effects
A: unfitting armour, claws 3, horns 1, repulsion field 1, blurry vision 1, fast
metabolism 3, gourmand, regeneration 1, screaming 1, shaggy fur 1, tough skin 2
a: Serpent's Lash, Heavenly Storm, Renounce Religion


You were in the Dungeon.
You worshipped Wu Jian.
Wu Jian was extremely pleased with you.
You were completely stuffed.

You visited 1 branch

Inventory:

Missiles
 v - 7 silver javelins (quivered)
Armour
 u - a +0 cloak (worn)
 w - +0 steam dragon scales (worn)
Jewellery
 q - a +3 ring of intelligence (left claw)
 r - a +3 ring of protection (right claw)
Wands
 p - a wand of iceblast (5/15)
Scrolls
 h - a scroll of blinking
 j - 3 scrolls of remove curse
 k - 5 scrolls of amnesia
 l - a scroll of summoning
Potions
 c - 8 potions of curing
 d - 7 potions of heal wounds
 e - a potion of haste
 f - 4 potions of magic
 g - 3 potions of berserk rage
 i - 2 potions of invisibility
 s - 2 potions of brilliance
 t - a potion of resistance
Comestibles
 a - 4 mutagenic chunks of flesh
 b - 9 bread rations
 m - 40 fruits
 n - 6 meat rations
 o - 13 chunks of flesh


   Skills:
 * Level 11.1 Fighting
 + Level 7.4 Armour
 + Level 7.9 Dodging
 * Level 8.5 Stealth
 * Level 13.0 Unarmed Combat


You had 9 spell levels left.
You didn't know any spells.

Dungeon Overview and Level Annotations

Branches:
Dungeon (1/1)

Altars:
Ashenzari
Cheibriados
Dithmenos
Elyvilon
Fedhas
Gozag
Hepliaklqana
Kikubaaqudgha
Makhleb
Nemelex Xobeh
Okawaru
Qazlal
Ru
Sif Muna
Trog
Uskayaw
Vehumet
Wu Jian
Xom
Yredelemnul
Zin
The Shining One
Beogh
Jiyva
Lugonu


Innate Abilities, Weirdness & Mutations

You are too large for most types of armour.
You have claws for hands.
Your metabolism is lightning-fast.
You like to eat raw meat.
Your natural rate of healing is unusually fast.
You are covered in fur. (AC +1)
You have very tough skin. (AC +2)
You have a pair of small horns on your head.
You are surrounded by a mild repulsion field. (EV +2)
Scrolls take you a little longer to read.
You occasionally shout uncontrollably at your foes.


Message History

Unknown command.
You close the door.
Something unseen opens the door.
You attack the orc knight from above.
You claw the orc knight!
The orc knight is severely wounded.
The orc knight hits you with an uncursed battleaxe!!
* * * LOW HITPOINT WARNING * * *
Unknown command.
Unknown command.
You repeatedly attack the orc knight from above.
You closely miss the orc knight.
You headbutt the orc knight, but do no damage.
Your claw misses the orc knight.
The orc knight is severely wounded.
You closely miss the orc knight. Your headbutt misses the orc knight.
The orc knight is severely wounded.
You attack the orc knight from above.
You scratch the orc knight.
The orc knight is severely wounded.
The orc knight misses you.
The orc warrior hits you from afar with a glaive!
You die...

.........# ##''######
##''# ######## #####
##..# ##......###...##
##..###..#+#.........##
##..##§§##.##.÷...#...#
##.§##§##...##.%.###..#
##..####.....##§##(##.##
##...##......#.§@#.#...#
##..).+......+.§§oo)...+
##...##).....#...#.#...#
##.§####.....##§##.##.##
##§§##§##...##...###..#
##..##§§##§##.....#...#
##..###§§#+#.........##
##..# ##).)...###...##
##### ######## #####


You could see an orc knight and an orc warrior.

Vanquished Creatures
  A merfolk avatar (D)
  Urug (D)
  Pikel (D)
  An elephant (D)
  2 guardian mummies (D)
  A hellwing (D)
  A tyrant leech (D)
  A red devil (D)
  A wind drake (D)
  A merfolk (D)
  A hippogriff (D)
  2 shadows (D)
  A water elemental (D)
  An air elemental (D)
  3 yaks (D)
  A hungry ghost (D)
  A steam dragon (D)
  2 acid dragons (D)
  2 floating eyes (D)
  An ice beast (D)
  A swamp drake (D)
  A sky beast (D)
  4 slaves (D)
  A bullfrog (D)
  A quasit (D)
  An orc priest (D)
  An iron imp (D)
  An orc wizard (D)
  A gnoll (D)
  2 oozes (D)
  An adder zombie (D)
  5 orcs (D)
  2 bats (D)
  A giant cockroach (D)
  A quokka (D)
  A ball python (D)
  A frilled lizard (D)
  A leopard gecko zombie (D)
  A rat (D)
54 creatures vanquished.

Notes
Turn   | Place    | Note
-------+----------+-------------------------------------------
     0 | D        | Kidiri the Troll Monk began the quest for the Orb.
     0 | D        | Reached XP level 1. HP: 22/22 MP: 0/0
    12 | D        | Noticed a floating eye
    17 | D        | Killed a floating eye
    17 | D        | Reached skill level 5 in Unarmed Combat
    17 | D        | Reached XP level 2. HP: 33/33 MP: 1/1
    17 | D        | Reached XP level 3. HP: 40/40 MP: 2/2
    17 | D        | Reached XP level 4. HP: 49/49 MP: 3/3
    46 | D        | Found a bloodstained altar of Trog.
    46 | D        | Found a deep blue altar of Sif Muna.
    46 | D        | Found a viscous altar of Jiyva.
    46 | D        | Found a hazy altar of Hepliaklqana.
    46 | D        | Found an opulent altar of Gozag.
    47 | D        | Found a glowing golden altar of the Shining One.
    47 | D        | Found a glowing silver altar of Zin.
    47 | D        | Found a basalt altar of Yredelemnul.
    47 | D        | Found a shimmering altar of Xom.
    47 | D        | Found an ornate altar of the Wu Jian Council.
    47 | D        | Found a sacrificial altar of Ru.
    47 | D        | Found a stormy altar of Qazlal.
    47 | D        | Found an iron altar of Okawaru.
    47 | D        | Found a sparkling altar of Nemelex Xobeh.
    47 | D        | Found a burning altar of Makhleb.
    47 | D        | Found a blossoming altar of Fedhas.
    47 | D        | Found a white marble altar of Elyvilon.
    47 | D        | Found a shadowy altar of Dithmenos.
    47 | D        | Found a snail-covered altar of Cheibriados.
    49 | D        | Found a radiant altar of Vehumet.
    49 | D        | Found a corrupted altar of Lugonu.
    49 | D        | Found a roughly hewn altar of Beogh.
    50 | D        | Found a hide-covered altar of Uskayaw.
    50 | D        | Found an ancient bone altar of Kikubaaqudgha.
    50 | D        | Found a shattered altar of Ashenzari.
    56 | D        | Became a worshipper of the Wu Jian Council
    56 | D        | Reached * piety under Wu Jian
    56 | D        | Reached ** piety under Wu Jian
   105 | D        | Noticed a floating eye
   111 | D        | Killed a floating eye
   111 | D        | Reached *** piety under Wu Jian
   111 | D        | Reached skill level 5 in Fighting
   111 | D        | Reached skill level 6 in Unarmed Combat
   111 | D        | Reached XP level 5. HP: 57/57 MP: 4/4
   113 | D        | Noticed a slave
   114 | D        | Noticed a slave
   115 | D        | Noticed a slave
   116 | D        | Killed a slave
   116 | D        | Noticed Pikel
   116 | D        | Noticed a slave
   123 | D        | Killed a slave
   129 | D        | Killed a slave
   138 | D        | Killed Pikel
   138 | D        | Reached **** piety under Wu Jian
   138 | D        | Reached skill level 5 in Dodging
   138 | D        | Reached skill level 5 in Stealth
   138 | D        | Reached skill level 8 in Unarmed Combat
   138 | D        | Reached XP level 6. HP: 24/71 MP: 5/5
   138 | D        | Reached XP level 7. HP: 26/78 MP: 6/6
   223 | D        | Noticed a hungry ghost
   227 | D        | Killed a hungry ghost
   227 | D        | Reached skill level 9 in Unarmed Combat
   230 | D        | Reached ***** piety under Wu Jian
   259 | D        | Reached XP level 8. HP: 88/88 MP: 7/7
   269 | D        | Noticed a hellwing
   274 | D        | Reached skill level 5 in Armour
   276 | D        | Killed a hellwing
   323 | D        | Gained mutation: Your magical capacity is low. (-10% MP) [potion of mutation]
   323 | D        | Gained mutation: You are resistant to electric shocks. (rElec) [potion of mutation]
   323 | D        | Gained mutation: You are agile. (Dex +2) [potion of mutation]
   324 | D        | Lost mutation: You are agile. (Dex +2) [potion of mutation]
   324 | D        | Lost mutation: Your magical capacity is low. (-10% MP) [potion of mutation]
   324 | D        | Lost mutation: You are resistant to electric shocks. (rElec) [potion of mutation]
   324 | D        | Gained mutation: Scrolls take you a little longer to read. [potion of mutation]
   324 | D        | Gained mutation: You are surrounded by a mild repulsion field. (EV +2) [potion of mutation]
   324 | D        | Gained mutation: You occasionally shout uncontrollably at your foes. [potion of mutation]
   324 | D        | Gained mutation: You have a pair of small horns on your head. [potion of mutation]
   402 | D        | Noticed a guardian mummy
   409 | D        | Reached skill level 10 in Unarmed Combat
   414 | D        | Killed a guardian mummy
   426 | D        | Noticed a red devil
   426 | D        | Noticed a wind drake
   426 | D        | Noticed a tyrant leech
   426 | D        | Noticed a guardian mummy
   434 | D        | Killed a tyrant leech
   438 | D        | Killed a red devil
   438 | D        | Reached XP level 9. HP: 55/98 MP: 8/8
   442 | D        | Killed a guardian mummy
   442 | D        | Reached skill level 11 in Unarmed Combat
   447 | D        | Killed a wind drake
   555 | D        | Noticed a merfolk
   556 | D        | Noticed an elephant
   568 | D        | Killed an elephant
   572 | D        | Killed a merfolk
   572 | D        | Reached skill level 10 in Fighting
   591 | D        | Noticed a merfolk avatar
   592 | D        | Noticed Urug
   596 | D        | Killed a merfolk avatar
   596 | D        | Reached skill level 12 in Unarmed Combat
   596 | D        | Reached XP level 10. HP: 42/111 MP: 9/9
   606 | D        | Killed Urug
   675 | D        | Reached skill level 13 in Unarmed Combat
   714 | D        | Noticed an orc knight
   729 | D        | Slain by an orc warrior

Vault maps used:
D:        pitsprint

Skill      XL: |  1  2  3  4  5  6  7  8  9 10 |
---------------+-------------------------------+-----
Fighting       | 4 5 7 9 10 11 | 11.1
Armour         | 2 3 4 5 6 7 |  7.4
Dodging        | 3 4 5 6 7 |  7.9
Stealth        | 2 3 5 6 7 8 |  8.5
Unarmed Combat | 5 6 8 9 10 12 13 | 13.0

Action                   |  1- 3 |  4- 6 |  7- 9 | 10-12 || total
-------------------------+-------+-------+-------+-------++-------
Melee: Unarmed           |     3 |    46 |    78 |    47 ||   174
       Headbutt          |       |       |    13 |    13 ||    26
       Punch             |       |       |     2 |     6 ||     8
Invok: Serpent's Lash    |       |       |     1 |     1 ||     2
       Heavenly Storm    |       |       |     4 |     1 ||     5
  Use: Potion            |       |       |     2 |     4 ||     6
 Stab: Sleeping          |       |     2 |     7 |       ||     9
  Eat: Chunk             |       |       |    11 |       ||    11
       Meat ration       |       |       |       |     1 ||     1
Armor: Robe              |       |     3 |     2 |       ||     5
       Steam dragon scal |       |       |     7 |    10 ||    17
Dodge: Dodged            |       |    19 |    26 |    27 ||    72
